 Dungeon Crawl Stone Soup version 0.32-a0-131-g9dbbe29261 (webtiles) character file.

Game seed: 612808808933090696

196072 Dittersdorf the Tortoise (level 18, -5/124 HPs)
             Began as a Gargoyle Fighter on Feb 7, 2024.
             Was an Initiate of Gozag.
             Slain by a +2 dire flail of protection (10 damage)
             ... animated by Zenata
             ... on level 1 of the Elven Halls on Feb 8, 2024.
             The game lasted 00:39:48 (27923 turns).

Dittersdorf the Tortoise (Gargoyle Fighter)        Turns: 27923, Time: 00:39:49

Health: -5/124     AC: 41    Str: 25 (30) XL:     18   Next: 36%
Magic:  18/18      EV: 12    Int:  9 (11) God:    Gozag
Gold:   2809       SH: 18    Dex:  7 (9)  Spells: 17/17 levels left

rFire   . . .        w - +5 eveningstar (heavy)
rCold   . . .        v - +0 tower shield of the Okapi {Regen+ Str+2 Int+2 Slay+2}
rNeg    + . .        s - +5 scale mail "Erisch" {Rampage Fly Regen+}
rPois   ∞            V - +0 mask of the Dragon {Will+ Slay+3 SInv}
rElec   +            a - +2 cloak {Stlth+}
rCorr   .            c - +0 pair of gloves
SInv    +            A - +0 pair of boots "Uklaorat" {Fly Will+ Slay-2}
Will    ++++.        D - amulet of regeneration
Stlth   +            e - ring of willpower
HPRegen 2.80/turn    S - +4 ring of protection
MPRegen 0.16/turn

%: rampage
@: flying, studying 2 skills
A: sickness immunity, AC +13, big wings, negative energy resistance 1,
electricity resistance, torment resistance 1, petrification resistance
}: 1/15 runes: gossamer
a: Renounce Religion, Potion Petition, Call Merchant, Bribe Branch


You were on level 1 of the Elven Halls.
You worshipped Gozag.
Gozag was most pleased with you.
You visited 6 branches of the dungeon, and saw 28 of its levels.
You also visited: Gauntlet.

You collected 12325 gold pieces.
You spent 2955 gold pieces at shops.
You paid 6561 gold pieces to Gozag.

Inventory:

Hand Weapons
 w - a +5 heavy eveningstar (weapon)
 H - the +2 flail of Qazlal's Esteem {protect, rF+++ rC- Will++}
   (You found it on level 10 of the Dungeon)

   rF+++:     It renders you almost immune to fire.
   rC-:       It makes you vulnerable to cold.
   Will++:    It greatly increases your willpower.
Missiles
 k - 2 throwing nets
Armour
 a - a +2 cloak of stealth (worn)
 c - a +0 pair of gloves (worn)
 s - the +5 scale mail "Erisch" (worn) {Rampage Fly Regen+}
   (You found it on level 2 of the Lair of Beasts)

   Fly:       It grants you flight.
   Regen+:    It increases your rate of health regeneration.
   Rampage:   It bestows one free step when moving towards enemies.
 v - the +0 tower shield of the Okapi (worn) {Regen+ Str+2 Int+2 Slay+2}
   (You acquired it on level 4 of the Dungeon)

   Str+2:     It affects your strength (+2).
   Int+2:     It affects your intelligence (+2).
   Slay+2:    It affects your accuracy & damage with ranged weapons and melee
   (+2).
   Regen+:    It increases your rate of health regeneration.
 y - the +3 plate armour "Qugi" {-Tele rC++ rN+ Str+3}
   (You found it in a Gauntlet)

   Str+3:     It affects your strength (+3).
   rC++:      It greatly protects you from cold.
   rN+:       It protects you from negative energy.
   -Tele:     It prevents most forms of teleportation.
 A - the +0 pair of boots "Uklaorat" (worn) {Fly Will+ Slay-2}
   (You found it in a Gauntlet)

   Slay-2:    It affects your accuracy & damage with ranged weapons and melee
   (-2).
   Will+:     It increases your willpower.
   Fly:       It grants you flight.
 Q - a +2 plate armour of fire resistance
 V - the +0 mask of the Dragon (worn) {Will+ Slay+3 SInv}
   (You found it on level 4 of the Spider Nest)

   Slay+3:    It affects your accuracy & damage with ranged weapons and melee
   (+3).
   Will+:     It increases your willpower.
   SInv:      It lets you see invisible.
 W - a +4 plate armour of cold resistance
Magical Staves
 z - a staff of earth
Jewellery
 e - a ring of willpower (left hand)
 l - a ring of resist corrosion
 C - the ring "Fual" {Fire Str+4 Dex+3}
   (You found it in a Gauntlet)

   [ring of fire]

   Fire:      It enhances your fire magic.
   Str+4:     It affects your strength (+4).
   Dex+3:     It affects your dexterity (+3).
   rF+:       It protects you from fire.
   rC-:       It makes you vulnerable to cold.
 D - an amulet of regeneration (around neck)
 R - a +6 ring of strength
 S - a +4 ring of protection (right hand)
 U - a ring of see invisible
Wands
 r - a wand of acid (18)
 F - a wand of iceblast (8)
Scrolls
 f - 2 scrolls of poison
 h - 8 scrolls of enchant armour
 n - 6 scrolls of fear
 o - 6 scrolls of revelation
 B - 4 scrolls of blinking
 J - 6 scrolls of teleportation
 L - 2 scrolls of fog
 T - a scroll of silence
Potions
 b - a potion of berserk rage
 d - 7 potions of might
 g - 11 potions of ambrosia
 i - 3 potions of haste
 j - 5 potions of curing
 m - 4 potions of heal wounds
 p - 3 potions of enlightenment
 q - 5 potions of magic
 t - 2 potions of resistance
 u - 2 potions of cancellation {unknown}
 x - a potion of invisibility {unknown}
 G - 5 potions of mutation
Miscellaneous
 K - a phial of floods
 M - a box of beasts
 N - a lightning rod (4/4)
 O - a tin of tremorstones (2/2)
 P - a phantom mirror


   Skills:
 + Level 17.7 Fighting
 + Level 16.2 Maces & Flails
 + Level 19.7 Armour
 + Level 10.4 Dodging
 + Level 17.7 Shields


You had 17 spell levels left.
You didn't know any spells.
Your spell library contained the following spells:

 Spells                   Type           Power      Damage    Failure   Level
 Freeze                   Ice            0%         1d3       78%         1
 Necrotise                Necr           0%         1d4       78%         1
 Sting                    Conj/Alch      0%         1d3       78%         1
 Summon Small Mammal      Summ           0%         N/A       78%         1
 Lesser Beckoning         Tloc           0%         N/A       89%         2
 Mercury Vapours          Alch/Air       0%         N/A       89%         2
 Call Canine Familiar     Summ           0%         N/A       98%         3
 Frozen Ramparts          Ice            0%         1d1       98%         3
 Gell's Gravitas          Tloc           0%         N/A       98%         3
 Hailstorm                Conj/Ice       0%         3d5       98%         3
 Mephitic Cloud           Conj/Alch/Air  0%         N/A       98%         3
 Summon Ice Beast         Ice/Summ       0%         N/A       98%         3
 Swiftness                Air            0%         N/A       98%         3
 Teleport Other           Tloc           0%         N/A       98%         3
 Tukima's Dance           Hex            0%         N/A       98%         3
 Anguish                  Hex/Necr       0%         N/A       100%        4
 Cause Fear               Hex            0%         N/A       100%        4
 Ignite Poison            Fire/Alch      0%         N/A       100%        4
 Iskenderun's Mystic Bla  Conj/Tloc      0%         2d3       100%        4
 Manifold Assault         Tloc           0%         N/A       100%        4
 Olgreb's Toxic Radiance  Alch           0%         N/A       100%        4
 Passage of Golubria      Tloc           0%         N/A       100%        4
 Petrify                  Alch/Erth      0%         N/A       100%        4
 Summon Blazeheart Golem  Fire/Summ      0%         N/A       100%        4
 Curse of Agony           Necr           0%         N/A       100%        5
 Fireball                 Conj/Fire      0%         3d3       100%        5
 Freezing Cloud           Conj/Ice/Air   0%         6-21      100%        5
 Irradiate                Conj/Alch      0%         3d11      100%        5
 Summon Forest            Summ/Tloc      0%         N/A       100%        5
 Summon Mana Viper        Hex/Summ       0%         N/A       100%        5
 Yara's Violent Unravell  Hex/Alch       0%         3d3       100%        5
 Dispersal                Tloc           0%         N/A       100%        6
 Sculpt Simulacrum        Ice/Alch       0%         N/A       100%        6
 Summon Cactus Giant      Summ           0%         N/A       100%        6
 Enfeeble                 Hex            0%         N/A       100%        7
 Monstrous Menagerie      Summ           0%         N/A       100%        7
 Borgnjor's Revivificati  Necr           0%         N/A       100%        8
 Disjunction              Tloc           0%         N/A       100%        8
 Dragon's Call            Summ           0%         N/A       100%        9
 Cigotuvi's Dreadful Rot  Necr/Alch/Air  Unusable   N/A       N/A         2
 Sublimation of Blood     Necr           Unusable   N/A       N/A         2

Dungeon Overview and Level Annotations

Branches:
Dungeon (15/15)            Temple (1/1) D:4            Lair (5/5) D:9
 Shoals (0/4) Lair:3       Spider (4/4) Lair:3        Slime (0/5) Lair:4
    Orc (2/2) D:11            Elf (1/3) Orc:2        Vaults (0/5) D:14
 Depths (0/4) D:15        Gauntlet (visited)

Altars:
Ashenzari
Cheibriados
Dithmenos
Elyvilon
Fedhas
Gozag
Hepliaklqana
Kikubaaqudgha
Makhleb
Nemelex Xobeh
Okawaru
Qazlal
Ru
Sif Muna
Trog
Uskayaw
Vehumet
Wu Jian
Xom
Yredelemnul
Zin
The Shining One
Jiyva

Shops:
D:1 (**?:?=   D:14 ?[!=(   Orc:1 :   Orc:2 *(*:

Annotations:
Elf:1 Zenata


Innate Abilities, Weirdness & Mutations

You are immune to sickness and miasma.
Your stone body is resilient. (AC +13)
You are immune to poison.
Your large and strong wings let you fly.
You resist negative energy. (rN+)
You are resistant to electric shocks. (rElec)
You are resistant to unholy torment.
You are immune to petrification.


Message History

Zenata is severely wounded.
You block the +2 vampiric scimitar's attack.
The +1 mace of holy wrath hits you!
You block the +2 dire flail of protection's attack.
You block the +3 halberd of pain's attack.
The +7 mace of protection closely misses you.
The +2 vampiric scimitar hits you!
The +1 glaive of protection closely misses you.
Zenata gestures at you while chanting.
A blast of power from the earth and the adjacent constructs strikes you!
The +1 mace of holy wrath hits you but does no damage.
You block the +0 battleaxe of electrocution's attack.
The +2 dire flail of protection completely misses you.
The +3 halberd of pain barely misses you.
The +7 mace of protection hits you but does no damage.
The +2 vampiric scimitar hits you!!
The +1 glaive of protection barely misses you.
The +1 mace of holy wrath hits you but does no damage.
The +0 battleaxe of electrocution misses you.
Zenata hits you with a +2 triple sword!
* * * LOW HITPOINT WARNING * * *
You closely miss Zenata.
Zenata is severely wounded.
You block the +2 dire flail of protection's attack.
You block the +2 vampiric scimitar's attack.
The +3 halberd of pain hits you but does no damage.
You block the +1 mace of holy wrath's attack.
You block the +2 dire flail of protection's attack.
The +7 mace of protection hits you.
* * * LOW HITPOINT WARNING * * *
The +1 glaive of protection barely misses you.
The +2 vampiric scimitar barely misses you.
The +0 battleaxe of electrocution hits you!
* * * LOW HITPOINT WARNING * * *
The +3 halberd of pain hits you from afar.
* * * LOW HITPOINT WARNING * * *
The +1 mace of holy wrath completely misses you.
The +2 dire flail of protection hits you!
You die...
Your body crumbles into a pile of gold.

..... .. ... .. ...
#' ... #. #.# #§ #.#
##§## #.# ##((a##
#<# #..(@(# #.#
#.###(((##########.#
..#.....)).........#
.##.##..###.########
....>...# #.#
.##.##.## #.# # #.
#.# #. #.# .. ..#


You could see Zenata and 7 dancing weapons.

Vanquished Creatures
  Mara (Spider:3)
  Saint Roka (Orc:1)
  The ghost of Fogaerej the Severer, an adept AtBe of Trog (Spider:3)
  Gastronok (Lair:1)
  Donald (Spider:4)
  A shadow dragon (D:13)
  10 emperor scorpions
  The ghost of MrSquiggles the Spawn of Chaos, an adept DsWn of Makhleb (Spider:3)
  5 ghost moths
  A broodmother (Spider:3)
  The ghost of gdog the Covert, a journeyman GnDe of Dithmenos (Lair:5)
  Nessos (Orc:2)
  A spark wasp (Spider:1)
  A minotaur (Gauntlet)
  An ettin (D:13)
  2 fire dragons
  The ghost of Ejipi the Metamorph, a journeyman DrSh of Hepliaklqana (Lair:2)
  3 hydras
  4 entropy weavers
  A jorogumo (Spider:2)
  An ice dragon (D:15)
  A vault guard (D:14)
  7 boulder beetles
  7 centaur warriors
  A death knight (D:13)
  3 ogre magi
  A radroach (Spider:2)
  2 dancing weapons
  17 two-headed ogres
  2 catoblepae
  5 death yaks (Lair:2)
  3 tengu warriors
  6 demonic crawlers
  Urug (Orc:1)
  Nergalle (D:12)
  Sonja (Orc:2)
  A deep elf knight (Elf:1)
  A fire crab (shapeshifter) (D:13)
  13 skeletal warriors
  Lodul (D:13)
  A skyshark (Lair:5)
  10 orb spiders
  2 pharaoh ants
  2 sun moths
  7 steelbarb worms
  2 deep trolls (Orc:2)
  3 orc knights
  Pikel (D:7)
  2 deep elf zephyrmancers
  5 deep elf pyromancers
  13 wolf spiders
  3 orc sorcerers
  The ghost of Echelon the Covered, a novice HuFi of Fedhas (D:7)
  17 ugly things
  Maurice (D:7)
  2 manticores
  18 elephants
  4 meliai
  7 cyclopes
  An apocalypse crab (Gauntlet)
  2 kobold blastminers (Orc:2)
  A black mamba (shapeshifter) (D:13)
  An ice statue (Gauntlet)
  5 black mambas
  3 torpor snails
  18 cane toads
  Joseph (D:9)
  An unseen horror (shapeshifter) (D:13)
  A gargoyle (D:13)
  Maggie (D:7)
  An unseen horror (D:10)
  4 komodo dragons
  Jeremiah (D:9)
  2 kobold demonologists
  A freezing wraith (D:13)
  5 rime drakes
  A yaktaur (D:13)
  4 tengu conjurers
  A troll (shapeshifter) (D:13)
  The ghost of lunkers the Cudgeller, an amateur OnGl of the Shining One (D:3)
  7 hornets
  A queen bee (Lair:2)
  6 polar bears
  12 trolls
  20 tarantellas
  2 dream sheep (Lair:5)
  18 jumping spiders
  18 slime creatures
  19 culicivoras
  2 centaur simulacra
  A vampire (D:13)
  A spriggan (shapeshifter) (D:14)
  4 wyverns
  A shadow (D:13)
  13 spriggans
  A warg (Orc:2)
  Grum (D:9)
  A steam dragon (D:8)
  7 basilisks
  44 yaks
  49 redbacks
  12 vampire mosquitoes
  3 acid dragons
  15 water moccasins
  A swamp drake (Lair:4)
  12 black bears
  A sky beast (D:7)
  An ice beast (D:5)
  21 orc warriors
  2 laughing skulls (D:14)
  29 ogres
  28 wolves
  4 boggarts (Lair:5)
  10 centaurs
  2 lemures (D:7)
  2 phantoms
  11 kobold brigands
  A scorpion (D:6)
  8 earth elementals (D:12)
  2 gnoll sergeants
  14 bullfrogs
  9 wights (D:7)
  19 killer bees (Lair:2)
  A bombardier beetle (D:3)
  A howler monkey (D:8)
  6 electric eels
  15 orc priests
  3 hounds (D:6)
  5 lava snakes (D:10)
  4 jellies
  2 sleepcaps
  7 hell rats (Lair:4)
  21 orc wizards
  3 iguanas
  Natasha (D:3)
  9 gnolls
  8 adders
  2 shadow imps
  2 white imps (D:5)
  2 ufetubi (D:5)
  A ribbon worm (D:3)
  2 dart slugs (D:2)
  77 orcs
  3 ball pythons
  10 endoplasms
  3 giant cockroaches
  8 goblins
  8 hobgoblins
  4 jackals (D:2)
  3 quokkas
  4 bats
  A frilled lizard (D:3)
  23 kobolds
  9 rats
954 creatures vanquished.

Vanquished Creatures (others)
  A steelbarb worm (Spider:3)
  An electric eel (Spider:4)
  An orc (Orc:2)
3 creatures vanquished.

Grand Total: 957 creatures vanquished

Notes
Turn   | Place    | Note
-------+----------+-------------------------------------------
     0 | D:1      | Dittersdorf the Gargoyle Fighter began the quest for the
                  | Orb.
     0 | D:1      | Reached XP level 1. HP: 14/14 MP: 1/1
   171 | D:1      | Reached XP level 2. HP: 19/19 MP: 2/2
   894 | D:2      | Reached XP level 3. HP: 24/24 MP: 3/3
  1111 | D:2      | Found a faded altar of an unknown god.
  1336 | D:2      | Reached XP level 4. HP: 28/29 MP: 4/4
  1744 | D:3      | Identified the +2 robe of the Seven Orbs {Harm Str+2 Int+3}
  1948 | D:3      | Reached skill level 4 in Armour
  2124 | D:3      | Reached XP level 5. HP: 10/33 MP: 5/5
  2268 | D:3      | Noticed Natasha
  2272 | D:3      | Killed Natasha
  2727 | D:4      | Found a shadowy altar of Dithmenos.
  2739 | D:4      | Found a shimmering altar of Xom.
  2739 | D:4      | Noticed a phantom
  2757 | D:4      | Killed a phantom
  2758 | D:4      | Reached XP level 6. HP: 39/39 MP: 6/6
  2759 | D:4      | Identified a scroll of acquirement
  2759 | D:4      | Acquired the +0 tower shield of the Okapi {Regen+ Str+2
                  | Int+2 Slay+2}
  2854 | D:4      | Found a staircase to the Ecumenical Temple.
  2877 | Temple   | Entered the Ecumenical Temple
  2887 | Temple   | Became a worshipper of Gozag Ym Sagoz the Greedy
  2962 | D:4      | Found a snail-covered altar of Cheibriados.
  2962 | D:4      | Found a hide-covered altar of Uskayaw.
  2963 | D:4      | Found a glowing silver altar of Zin.
  2976 | D:4      | Noticed a black bear
  2992 | D:4      | Killed a black bear
  2993 | D:4      | Reached skill level 5 in Fighting
  2993 | D:4      | Reached skill level 5 in Shields
  3093 | D:4      | Noticed lunkers's ghost (amateur OnGl)
  3097 | D:4      | Found a runed translucent gate.
  3098 | D:4      | Found a runed translucent gate.
  3098 | D:4      | Identified the +1 dagger of Ru's Delight {holy, rPois rC-
                  | rN++ Stlth+}
  3099 | D:4      | Found a runed translucent gate.
  3412 | D:5      | Entered Level 5 of the Dungeon
  3417 | D:5      | Reached skill level 5 in Armour
  3417 | D:5      | Reached XP level 7. HP: 44/44 MP: 7/7
  3514 | D:5      | Found a sacrificial altar of Ru.
  3833 | D:5      | Found a burning altar of Makhleb.
  4539 | D:6      | Found a white marble altar of Elyvilon.
  4554 | D:6      | Reached XP level 8. HP: 51/51 MP: 8/8
  4790 | D:6      | Reached skill level 5 in Maces & Flails
  4790 | D:6      | Reached skill level 6 in Armour
  5183 | D:7      | Noticed Maggie
  5196 | D:7      | Killed Maggie
  5246 | D:7      | Noticed Pikel
  5265 | D:7      | Killed Pikel
  5266 | D:7      | Reached skill level 7 in Armour
  5266 | D:7      | Reached XP level 9. HP: 55/57 MP: 9/9
  5313 | D:7      | Found a runed translucent gate.
  5313 | D:7      | Found a runed translucent gate.
  5313 | D:7      | Found a runed translucent gate.
  5313 | D:7      | Noticed Echelon's ghost (novice HuFi)
  5314 | D:7      | Noticed a kobold demonologist
  5813 | D:7      | Noticed Maurice
  5825 | D:7      | Killed Maurice
  5826 | D:7      | Found an iron altar of Okawaru.
  5840 | D:7      | Reached skill level 8 in Armour
  5865 | D:7      | Identified the +6 spear of Pal Eng {holy, Int+2}
  6058 | D:8      | Reached XP level 10. HP: 64/64 MP: 10/10
  6150 | D:8      | You fall into a shaft and drop 1 floor!
  6569 | D:8      | Found a broken altar of Ashenzari.
  6731 | D:9      | Noticed Joseph
  6737 | D:9      | Killed Joseph
  6753 | D:9      | Noticed a two-headed ogre
  6762 | D:9      | Killed a two-headed ogre
  6768 | D:9      | Reached skill level 9 in Armour
  6890 | D:9      | Noticed Jeremiah
  6899 | D:9      | Killed Jeremiah
  6946 | D:9      | Found a staircase to the Lair.
  7109 | D:9      | Noticed Grum
  7128 | D:9      | Killed Grum
  7129 | D:9      | Reached XP level 11. HP: 61/72 MP: 11/11
  7328 | D:10     | Entered Level 10 of the Dungeon
  7579 | D:10     | Noticed a manticore
  7593 | D:10     | Killed a manticore
  7594 | D:10     | Reached skill level 10 in Fighting
  7624 | D:10     | Reached skill level 10 in Shields
  7735 | D:10     | Noticed a centaur warrior
  7751 | D:10     | Killed a centaur warrior
  7752 | D:10     | Reached skill level 10 in Armour
  7757 | D:10     | Noticed a tengu warrior
  7774 | D:10     | Killed a tengu warrior
  7894 | D:10     | Identified the +2 flail of Qazlal's Esteem {protect, rF+++
                  | rC- Will++}
  8218 | D:3      | Killed lunkers's ghost
  8435 | D:4      | Found a snail-covered altar of Cheibriados.
  8435 | D:4      | Found a glowing silver altar of Zin.
  8437 | D:4      | Found a hide-covered altar of Uskayaw.
  8523 | D:4      | Found a staircase to the Ecumenical Temple.
  8755 | D:4      | Found a shadowy altar of Dithmenos.
  8758 | D:4      | Found a shimmering altar of Xom.
  8764 | D:4      | Found a shadowy altar of Dithmenos.
  8970 | D:4      | Found a snail-covered altar of Cheibriados.
  8970 | D:4      | Found a glowing silver altar of Zin.
  8972 | D:4      | Found a hide-covered altar of Uskayaw.
  9048 | D:4      | Found a staircase to the Ecumenical Temple.
  9352 | D:7      | Noticed a sun demon
  9357 | D:7      | Killed Echelon's ghost
  9492 | Lair:1   | Entered Level 1 of the Lair of Beasts
  9566 | Lair:1   | Reached XP level 12. HP: 68/80 MP: 6/12
  9571 | Lair:1   | Reached skill level 11 in Armour
  9665 | Lair:1   | Reached skill level 10 in Maces & Flails
  9798 | Lair:1   | Noticed Gastronok
  9814 | Lair:1   | Killed Gastronok
 10139 | Lair:1   | Identified the +8 long sword of Norph {heavy, Dex+3}
 10479 | Lair:2   | Reached skill level 12 in Armour
 10545 | Lair:2   | Reached XP level 13. HP: 86/86 MP: 11/13
 10647 | Lair:2   | Identified the +5 scale mail "Erisch" {Rampage Fly Regen+}
 10762 | Lair:2   | Noticed Ejipi's ghost (journeyman DrSh)
 10767 | Lair:2   | Found a transporter.
 10803 | Lair:2   | Found a transporter.
 11244 | Lair:2   | Killed Ejipi's ghost
 11310 | Lair:3   | Found a hole to the Spider Nest.
 11750 | Lair:3   | Found a staircase to the Shoals.
 12465 | Lair:4   | Found a viscous altar of Jiyva.
 12478 | Lair:4   | Found a staircase to the Slime Pits.
 12719 | Lair:4   | Reached skill level 13 in Armour
 13436 | Lair:5   | Entered Level 5 of the Lair of Beasts
 13732 | Lair:5   | Gained mutation: Your large and strong wings let you fly.
                  | [Gargoyle growth]
 13732 | Lair:5   | Reached XP level 14. HP: 94/94 MP: 12/14
 14382 | Lair:5   | Reached skill level 14 in Armour
 14415 | Lair:5   | Found a large runed translucent door.
 14415 | Lair:5   | Found a large runed translucent door.
 14417 | Lair:5   | Noticed gdog's ghost (journeyman GnDe)
 14975 | Lair:5   | Killed gdog's ghost
 15282 | D:1      | Bought a scroll of enchant armour for 232 gold pieces
 15285 | D:1      | Bought a scroll of enchant armour for 105 gold pieces
 15285 | D:1      | Bought a scroll of enchant weapon for 105 gold pieces
 16080 | D:11     | Found a staircase to the Orcish Mines.
 16330 | Orc:1    | Entered Level 1 of the Orcish Mines
 16454 | Orc:2    | Entered Level 2 of the Orcish Mines
 16454 | Orc:2    | Noticed Urug
 16454 | Orc:2    | Noticed Nessos
 16463 | Orc:2    | Noticed Sonja
 16470 | Orc:2    | Killed Sonja
 16479 | Orc:1    | Killed Urug
 16585 | Orc:2    | Killed Nessos
 16635 | Orc:2    | Found a gate leading to a gauntlet.
 16644 | Gauntlet | Entered a Gauntlet
 16644 | Gauntlet | Found a transporter.
 16644 | Gauntlet | Found a transporter.
 16644 | Gauntlet | Found a runed translucent door.
 16648 | Gauntlet | Found a runed translucent door.
 16660 | Gauntlet | Found a transporter.
 16678 | Gauntlet | Found a transporter.
 16678 | Gauntlet | Found a transporter.
 16678 | Gauntlet | Found a transporter.
 16681 | Gauntlet | Found a transporter.
 16681 | Gauntlet | Found a transporter.
 16694 | Gauntlet | Found a transporter.
 16712 | Gauntlet | Found a transporter.
 16722 | Gauntlet | Found a transporter.
 16738 | Gauntlet | Found a transporter.
 16758 | Gauntlet | Found a transporter.
 16773 | Gauntlet | Found a transporter.
 16914 | Gauntlet | Identified the +3 plate armour "Qugi" {-Tele rC++ rN+
                  | Str+3}
 16964 | Gauntlet | Identified the +0 pair of boots "Uklaorat" {Fly Will+
                  | Slay-2}
 16993 | Gauntlet | Identified the ring "Fual" {Fire Str+4 Dex+3}
 16995 | Gauntlet | Identified the +0 plate armour "Duinid" {Rampage rF+ Int+2
                  | Dex-4}
 17002 | Gauntlet | Identified the +5 scimitar "Peteibb" {pain, *Slow Int+3
                  | Dex+6}
 17016 | Gauntlet | Reached XP level 15. HP: 67/101 MP: 6/15
 17084 | Gauntlet | Got the Spellbook of Skeletons
 17308 | Orc:2    | Found Umaitial's Assorted Antiques.
 17316 | Orc:2    | Found Sionaax's Antique Weapon Shop.
 17343 | Orc:2    | Found Hecsiovoi's Assorted Antiques.
 17343 | Orc:2    | Found Siuc's Book Emporium.
 17371 | Orc:2    | Reached skill level 15 in Fighting
 17371 | Orc:2    | Reached skill level 15 in Shields
 17378 | Orc:2    | Noticed Saint Roka
 17381 | Orc:2    | Reached skill level 15 in Armour
 17703 | Orc:1    | Killed Saint Roka
 18146 | Orc:2    | Bought a potion of heal wounds for 170 gold pieces
 18171 | Orc:2    | Bought a scroll of brand weapon for 228 gold pieces
 18444 | Orc:1    | Found Muapoag's Self-Improvement Boutique.
 18514 | Orc:1    | Bought a manual of Armour for 960 gold pieces
 18514 | Orc:1    | Bought a manual of Dodging for 960 gold pieces
 18653 | Orc:2    | Found a staircase to the Elven Halls.
 19011 | D:12     | Reached skill level 1 in Dodging
 19043 | D:12     | Got the Disquisition on the Weathered Traveller
 19479 | D:12     | Identified the +2 scimitar of the Breathing Gnat {spect,
                  | Int+5}
 19544 | D:12     | Noticed Nergalle
 19549 | D:12     | Killed Nergalle
 19938 | D:13     | Reached skill level 16 in Armour
 20074 | D:13     | Acquired 794 gold pieces
 20112 | D:13     | Reached XP level 16. HP: 109/109 MP: 16/16
 20135 | D:13     | Identified the staff "Xufer" {rElec Will- Str+5 Conj}
 20138 | D:13     | Noticed a shadow dragon
 20138 | D:13     | Noticed Lodul
 20150 | D:13     | Killed a shadow dragon
 20163 | D:13     | Killed Lodul
 20174 | D:13     | Reached skill level 5 in Dodging
 20980 | D:14     | Found Pem Geuc's Antique Armour Emporium.
 21333 | D:14     | Found Syson's Magic Scroll Shoppe.
 21573 | D:14     | Reached skill level 17 in Armour
 21594 | D:14     | Found Gowohopp's Weapon Boutique.
 21619 | D:14     | Found Qeoshopt's Jewellery Shop.
 21665 | D:14     | Found Sipsuel's Distillery.
 21672 | D:14     | Bought a potion of heal wounds for 75 gold pieces
 21672 | D:14     | Bought a potion of mutation for 120 gold pieces
 21843 | D:14     | Found a gate to the Vaults.
 22044 | D:15     | Entered Level 15 of the Dungeon
 22147 | D:15     | Found a staircase to the Depths.
 22573 | D:15     | Reached skill level 15 in Maces & Flails
 23257 | Spider:1 | Entered Level 1 of the Spider Nest
 23271 | Spider:1 | Reached XP level 17. HP: 112/116 MP: 15/17
 23812 | Spider:1 | Reached skill level 18 in Armour
 24263 | Spider:2 | Upgraded the game from 0.32-a0-128-g77eb882913 to
                  | 0.32-a0-131-g9dbbe29261
 25239 | Spider:3 | Found a runed translucent gate.
 25272 | Spider:3 | Found a runed translucent gate.
 25273 | Spider:3 | Found a runed translucent gate.
 25274 | Spider:3 | Noticed MrSquiggles's ghost (adept DsWn)
 25275 | Spider:3 | Noticed Fogaerej's ghost (adept AtBe)
 25326 | Spider:3 | Killed Fogaerej's ghost
 25333 | Spider:3 | Killed MrSquiggles's ghost
 25722 | Spider:3 | Noticed Mara
 25728 | Spider:3 | Killed Mara
 26046 | Spider:4 | Entered Level 4 of the Spider Nest
 26096 | Spider:3 | Reached skill level 19 in Armour
 26208 | Spider:4 | Reached XP level 18. HP: 92/124 MP: 18/18
 26685 | Spider:4 | Reached skill level 10 in Dodging
 27005 | Spider:4 | Noticed Donald
 27029 | Spider:4 | Killed Donald
 27057 | Spider:4 | Found the +0 mask of the Dragon {Will+ Slay+3 SInv}
 27232 | Spider:4 | Got a gossamer rune of Zot
 27884 | Elf:1    | Entered Level 1 of the Elven Halls
 27914 | Elf:1    | Noticed Zenata
 27923 | Elf:1    | HP: 5/124 [+3 halberd of pain[Zenata] (4)]
 27923 | Elf:1    | Slain by a +2 dire flail of protection

Illustrated notes

Levels and vault maps discovered:
D:1:      dpeg_arrival_more_subterranean_lakeside_camping, layout_basic
D:2:      layout_basic, ebering_ecumenical_altar_box
D:3:      layout_loops_cross, uniq_natasha
D:4:      layout_rooms, gammafunk_temple_overflow_claw, jmf_multi_god_temple2,
          minmay_temple_entry_glass, biasface_ghost_orc_armoury, corexii_shack,
          wad_floor_pattern_untrapped
D:5:      layout_loops_corners, nicolae_ru_sacrificial_ziggurat,
          mainiacjoe_overflow_brackets
D:6:      layout_loops_ring, mainiacjoe_overflow_paths, serial_bayou,
          serial_bayou_lake_a, serial_bayou_lagoon_a, serial_bayou_pond_e,
          serial_bayou_pond_a
D:7:      layout_basic, okawaru_ov_weapons_minmay,
          gammafunk_ghost_nasty_kobolds, dreamdust_princess_bridge, uniq_maggie,
          uniq_pikel, uniq_maurice
D:8:      layout_cave_pools, kennysheep_mini_moat
D:9:      layout_cave_pools, due_lair_maze_entry_diamond,
          kennysheep_pointless_box, uniq_joseph, uniq_jeremiah, uniq_grum
D:10:     minmay_chambers_of_sixes, layout_gridville, kennysheep_boxes
D:11:     layout_roguey, david_orc_4, minmay_gold_behind_fungi
D:12:     layout_irregular_city, hangedman_cracks_in_the_wall, uniq_nergalle
D:13:     minmay_complete_graph, layout_cave_pods, uniq_lodul
D:14:     layout_loops_corners, erik_vaults_1, minmay_crystal_water,
          serial_shops, shop, nicolae_stop_n_shop_2,
          nicolae_shop_competitors_out_of_business, shop, shop
D:15:     grunt_enter_depths_hoard, layout_basic, chequers_serial_rivers_micro_a
Temple:   nicolae_temple_x_marks_the_god
Lair:1:   layout_misc_corridors, grunt_megastairs_1,
          infiniplex_staircase_pool_2, lemuel_fruit_fields,
          serial_bayou_shore_a, lemuel_fruit_fields, uniq_gastronok
Lair:2:   layout_roguey, special_room [special_room_bee], gammafunk_ghost_arena
Lair:3:   layout_small_grid, shoals_dummy_entry,
          hellmonk_spider_entry_life_and_decay, fungi_pond_lemuel,
          grunt_forest_stairs_clearing
Lair:4:   layout_cave_pods, slime_entry_1, pond
Lair:5:   minmay_lair_end_enchanted_forest, layout_cave_shapes,
          ebering_ghost_disaster_area, infiniplex_staircase_pool
Spider:1: layout_spider_delve, nicolae_spider_orb_run
Spider:2: layout_spider_delve
Spider:3: layout_spider_delve, gammafunk_ghost_cemetery, uniq_mara
Spider:4: grunt_spider_rune_circles, uniq_donald
Orc:1:    layout_diamond_mine, basic_altar, nicolae_shop_self_help
Orc:2:    st_orc_open, layout_caves, gauntlet_entry_generic, uniq_urug,
          uniq_saint_roka, uniq_sonja, uniq_nessos
Elf:1:    layout_loops_corners, hangedman_elf_disciples, uniq_zenata

Skill      XL: |  1  2  3  4  5  6  7  8  9 10 11 12 13 14 15 16 17 18 |
---------------+-------------------------------------------------------+-----
Fighting       | 4 5 7 8 9 11 12 13 14 15 16 17 | 17.7
Armour         | 4 5 7 8 9 10 12 13 14 16 17 19 | 19.7
Maces & Flails | 3 4 6 7 8 9 11 12 13 14 15 16 | 16.2
Shields        | 4 5 7 8 9 11 12 13 14 15 16 17 | 17.7
Dodging        | 4 7 9 10 | 10.4

Action                     |  1- 3 |  4- 6 |  7- 9 | 10-12 | 13-15 | 16-18 || total
---------------------------+-------+-------+-------+-------+-------+-------++-------
  Melee: Flail             |    94 |   200 |   167 |       |       |       ||   461
         Whip              |       |       |    61 |       |       |       ||    61
         Morningstar       |       |       |    52 |   643 |   771 |       ||  1466
         Eveningstar       |       |       |       |       |   675 |   903 ||  1578
  Throw: Dart              |       |       |     1 |       |       |       ||     1
 Invoke: Call Merchant     |       |       |       |       |     4 |     3 ||     7
  Evoke: Wand              |       |       |       |       |    12 |       ||    12
    Use: Scroll            |       |     6 |       |    11 |    11 |     4 ||    32
         Potion            |       |       |       |       |     8 |     1 ||     9
   Stab: Distracted        |       |       |     1 |     4 |     7 |     6 ||    18
         Sleeping          |       |       |       |     5 |     1 |       ||     6
         Petrified         |       |       |       |       |     4 |       ||     4
 Armour: Scale mail        |    60 |    13 |       |   291 |   943 |  1327 ||  2634
         Chain mail        |       |   166 |   162 |       |       |       ||   328
         Steam dragon scal |       |       |    62 |   243 |       |       ||   305
  Dodge: Dodged            |    39 |    88 |    96 |   219 |   338 |   541 ||  1321
  Block: Buckler           |    23 |    32 |       |       |       |       ||    55
         Tower shield      |       |    47 |   294 |   926 |  1670 |  1339 ||  4276

Table legend: (Time is in decaauts)
 A = Elapsed time spent in this place.
 B = Non-inter-level travel time spent in this place.
 C = Inter-level travel time spent in this place.
 D = Time resting spent in this place.
 E = Time spent auto-exploring this place.
 F = Levels seen in this place.
 G = Mean time per level.
                   A        B        C        D        E       F      G
               +--------+--------+--------+--------+--------+-----+--------+
         Total |  28682 |  26080 |   2602 |   1516 |  17054 |  29 |  989.0 |
       Dungeon |  15989 |  14054 |   1935 |    520 |  10032 |  15 | 1065.9 |
        Temple |     20 |      2 |     18 |      0 |      0 |   1 |   20.0 |
          Lair |   5906 |   5604 |    302 |    135 |   3871 |   5 | 1181.2 |
   Spider Nest |   4147 |   3976 |    171 |    367 |   2071 |   4 | 1036.8 |
  Orcish Mines |   2135 |   1961 |    174 |    349 |    936 |   2 | 1067.5 |
   Elven Halls |     41 |     41 |      0 |      0 |      6 |   1 |   41.0 |
      Gauntlet |    440 |    440 |      0 |    145 |    138 |   1 |  440.0 |
               +--------+--------+--------+--------+--------+-----+--------+

Top non-repeatable levels by time:
     D:4: 2102 daAuts
  Lair:5: 1604 daAuts
Spider:4: 1227 daAuts
    D:13: 1221 daAuts
  Lair:3: 1188 daAuts
     D:5: 1179 daAuts
Spider:3: 1179 daAuts
   Orc:2: 1130 daAuts
    D:14: 1111 daAuts
    D:15: 1089 daAuts
     D:3: 1088 daAuts
  Lair:1: 1051 daAuts
  Lair:2: 1038 daAuts
     D:7: 1032 daAuts
  Lair:4: 1023 daAuts
